 Dungeon Crawl Stone Soup version 0.31-a0-233-g139696dc86 (webtiles) character file.

Game seed: 3619554286433651869

4 reriks the Trooper (level 1, -1/14 HPs)
             Began as a Gargoyle Monk on July 9, 2023.
             Slain by a gnoll
             ... wielding a +0 whip
              (6 damage)
             ... on level 1 of the Dungeon.
             The game lasted 00:00:24 (172 turns).

reriks the Trooper (Gargoyle Monk)                   Turns: 172, Time: 00:00:25

Health: -1/14      AC:  4    Str: 14    XL:     1   Next: 70%
Magic:  1/1        EV: 12    Int: 10    God:
Gold:   0          SH:  0    Dex: 12    Spells: 0/0 levels left

rFire   . . .        a - +0 hand axe
rCold   . . .        d - orb {light}
rNeg    + . .        b - +0 robe
rPois   ∞            (no helmet)
rElec   +            (no cloak)
rCorr   .            (no gloves)
SInv    .            (no boots)
Will    .....        (no amulet)
Stlth   +            (no ring)
HPRegen 0.22/turn    (no ring)
MPRegen 0.07/turn

%: no passive effects
@: glowing
A: sickness immunity, AC +2, negative energy resistance 1, electricity
resistance, torment resistance 1, petrification resistance
a: no special abilities


You were on level 1 of the Dungeon.
You visited 1 branch of the dungeon, and saw 1 of its levels.

Inventory:

Hand Weapons
 a - a +0 hand axe (weapon)
Armour
 b - a +0 robe (worn)
 d - an orb of light (worn)
Potions
 c - a potion of ambrosia


   Skills:
 + Level 3.4 Fighting
 + Level 2.8 Axes
 + Level 2.5 Dodging


You couldn't memorise any spells.
You didn't know any spells.
Your spell library was empty.

Dungeon Overview and Level Annotations

Branches:
Dungeon (1/15)

Altars:


Innate Abilities, Weirdness & Mutations

You are immune to sickness and miasma.
Your stone body is resilient. (AC +2)
You are immune to poison.
You resist negative energy. (rN+)
You are resistant to electric shocks. (rElec)
You are resistant to unholy torment.
You are immune to petrification.


Message History

No target in view!
No target in view!
No target in view!
No target in view!
No target in view!
A bat comes into view.
A bat is nearby!
A bat is nearby!
There is an open door here.
The bat misses you. The bat hits you.
A gnoll comes into view. It is wielding a +0 whip.
Found a leather armour.
The gnoll shouts!
The bat misses you. The bat hits you but does no damage.
You closely miss the bat. The bat barely misses you.
You hit the bat.
The bat is severely wounded.
The bat barely misses you.
You barely miss the bat.
The bat is moderately wounded.
You barely miss the gnoll. The bat hits you but does no damage.
A ball python comes into view.
A bat comes into view.
The gnoll hits you with a +0 whip.
You are too injured to fight recklessly!
You are too injured to fight recklessly!
You are too injured to fight recklessly!
You are too injured to fight recklessly!
You are too injured to fight recklessly!
There are monsters nearby!
There are monsters nearby!
You are too injured to fight recklessly!
The ball python hisses angrily.
The bat closely misses you.
A goblin comes into view.
It is wielding a +0 club and quivering atropa-tipped darts.
You completely miss the gnoll. The gnoll misses you.
You hit the gnoll but do no damage. The gnoll hits you with a +0 whip.
The gnoll attacks as you move away! The gnoll hits you with a +0 whip.
You die...

..............#
..########.##### .b ..# #.#
... ..# ##'## .#. †#####
##...## .. .....###.>...##
#.### .###.##.......##
.[.##
..##.#.........####...##.##
.....+.........'@gbS.g.....
..##.#)........####...##.##
.###.##.......## ##.##
.....###.....## ## .#####
##...## .# ##+## .# #.# .#
#.# .# ###.##


You could see a gnoll, a goblin, a bat and a ball python.

Vanquished Creatures
  2 ball pythons (D:1)
  A hobgoblin (D:1)
  2 bats (D:1)
5 creatures vanquished.

Notes
Turn   | Place    | Note
-------+----------+-------------------------------------------
     0 | D:1      | reriks the Gargoyle Monk began the quest for the Orb.
     0 | D:1      | Reached XP level 1. HP: 14/14 MP: 1/1
   172 | D:1      | Slain by a gnoll

Illustrated notes

Levels and vault maps discovered:
D:1:      tarquinn_simple_flora_water_a, layout_loops_corners,
          hellmonk_ecumenical_altar_watching_god, minmay_bisected

Action                     || total
---------------------------++-------
  Melee: Hand axe          ||    20
 Armour: Robe              ||     8
  Dodge: Dodged            ||    17

Table legend: (Time is in decaauts)
 A = Elapsed time spent in this place.
 B = Non-inter-level travel time spent in this place.
 C = Inter-level travel time spent in this place.
 D = Time resting spent in this place.
 E = Time spent auto-exploring this place.
 F = Levels seen in this place.
 G = Mean time per level.
                   A        B        C        D        E       F      G
               +--------+--------+--------+--------+--------+-----+--------+
         Total |    175 |    175 |      0 |     21 |     97 |   1 |  175.0 |
       Dungeon |    175 |    175 |      0 |     21 |     97 |   1 |  175.0 |
               +--------+--------+--------+--------+--------+-----+--------+

Top non-repeatable levels by time:
     D:1: 175 daAuts
